 Dungeon Crawl Stone Soup version 0.24-a0-250-g6074511 (webtiles) character file.

Game seed: 5725851098500862466

5087 Hasart the Slicer (level 10, -4/61 HPs)
             Began as a Kobold Gladiator on Apr 14, 2019.
             Was an Elder of Trog.
             Impaled on a porcupine's spines (11 damage)
             ... on level 9 of the Dungeon.
             The game lasted 00:14:12 (8024 turns).

Hasart the Slicer (Kobold Gladiator)                Turns: 8024, Time: 00:14:13

Health: -4/61      AC: 10    Str: 14    XL:     10   Next: 87%
Magic:  13/13      EV: 20    Int: 10    God:    Trog [****..]
Gold:   485        SH:  0    Dex: 17    Spells: 9/9 levels left

rFire    . . .     SeeInvis +   x - +3 rapier (speed)
rCold    . . .     Gourm    .   (shield restricted)
rNeg     . . .     Faith    .   D - +1 leather armour {rPois}
rPois    +         Spirit   .   e - +2 helmet
rElec    .         Reflect  .   (no cloak)
rCorr    .         Harm     .   g - +0 pair of gloves
MR       ++...                  C - +0 pair of boots
Stlth    ++++......             (no amulet)
HPRegen  1.20/turn              l - ring of see invisible
MPRegen  0.13/turn              (no ring)

@: regenerating
A: small, carnivore
a: Berserk, Trog's Hand, Brothers in Arms, Renounce Religion


You were on level 9 of the Dungeon.
You worshipped Trog.
Trog was greatly pleased with you.
You were very full.

You visited 2 branches of the dungeon, and saw 10 of its levels.
You also visited: Sewer.

You collected 485 gold pieces.

Inventory:

Hand Weapons
 x - a +3 rapier of speed (weapon)
Missiles
 d - 7 throwing nets (quivered)
Armour
 e - a +2 helmet (worn)
 g - a +0 pair of gloves (worn)
 C - a +0 pair of boots (worn)
 D - a +1 leather armour of poison resistance (worn)
Jewellery
 l - a ring of see invisible (left hand)
Wands
 z - a wand of polymorph (27)
 F - a wand of digging (4)
Scrolls
 a - a scroll of blinking {unknown}
 c - 12 scrolls of identify {unknown}
 h - 2 scrolls of amnesia {unknown}
 i - 7 scrolls of remove curse
 j - 3 scrolls of random uselessness {unknown}
 o - 2 scrolls of enchant weapon {unknown}
 q - a scroll of fear {unknown}
 r - a scroll of immolation {unknown}
 u - 3 scrolls of teleportation {unknown}
 y - 2 scrolls of fog {unknown}
Potions
 b - a potion of magic {unknown}
 k - 3 potions of mutation {unknown}
 m - 2 potions of brilliance {unknown}
 n - 3 potions of heal wounds {unknown}
 p - 4 potions of flight {unknown}
 s - 3 potions of lignification {unknown}
 t - 2 potions of berserk rage {unknown}
 v - a potion of agility {unknown}
 w - a potion of curing {unknown}
 A - a potion of resistance {unknown}
 B - a potion of might {unknown}
Comestibles
 f - 15 rations
 E - 4 chunks of flesh


   Skills:
 + Level 6.8 Fighting
 * Level 11.6 Short Blades
 - Level 2.1 Throwing
 + Level 4.8 Armour
 + Level 8.1 Dodging
 + Level 8.6 Stealth
 + Level 4.6 Evocations


You had 9 spell levels left.
You didn't know any spells.
Your spell library was empty.

Dungeon Overview and Level Annotations

Branches:
Dungeon (9/15)             Temple (1/1) D:4
   Lair: D:8-11         Orc: D:9-12

Altars:
Ashenzari
Dithmenos
Elyvilon
Fedhas
Gozag
Hepliaklqana
Kikubaaqudgha
Makhleb
Nemelex Xobeh
Okawaru
Qazlal
Sif Muna
Trog
Uskayaw
Vehumet
Wu Jian
Xom
Zin
The Shining One

Shops:
D:7 }


Innate Abilities, Weirdness & Mutations

You are small and have problems with some larger weapons.
You are carnivorous and can eat meat at any time.


Message History

There is an open door here.
The porcupine bites you.
* * * LOW HITPOINT WARNING * * *
You see here a yak skeleton.
You see here a yak corpse.
You are struck by the porcupine's spines.
* * * LOW HITPOINT WARNING * * *
You barely miss the porcupine.
The porcupine is almost dead.
The porcupine bites you but does no damage.
Evoke which item? (* to show all) (? for menu, Esc to quit)
Okay, then.
You feel the effects of Trog's Hand fading.
The porcupine misses you.
You are struck by the porcupine's spines.
* * * LOW HITPOINT WARNING * * *
You closely miss the porcupine.
The porcupine is severely wounded.
You are struck by the porcupine's spines.
You die...

###### #....#####
#<.......# ##....###.
......# ##....#
###.## #+# ##.# #@#
#..# #r# #.## ##.#
##.# ##..# #.)# #..##
##'####### #.##
#))).....#####.#
#.)......'.֠..#
#...##########.......


You could see a porcupine.

Vanquished Creatures
  Harold (D:8)
  Grinder (D:5)
  Sigmund (D:3)
  5 yaks (D:9)
  Eustachio (D:4)
  Duvessa (D:6)
  A porcupine (D:9)
  A black bear (D:8)
  A necrophage (D:8)
  6 orc warriors
  4 sky beasts
  3 phantoms
  Blork the orc (D:5)
  2 big kobolds
  3 bullfrogs
  Dowan (D:6)
  2 scorpions
  3 wights (D:6)
  3 crimson imps
  2 bullfrog zombies
  4 hounds
  6 orc wizards
  Terence (D:3)
  An iguana (D:4)
  3 worker ants
  A hound zombie (D:6)
  A hound skeleton (D:6)
  A howler monkey zombie (D:5)
  11 gnolls
  11 adders
  A shadow imp (D:4)
  4 adder zombies
  An adder skeleton (D:4)
  3 worms
  A dart slug (D:1)
  4 leopard geckos
  18 orcs
  2 ball pythons (D:5)
  8 giant cockroaches
  2 goblins
  2 hobgoblins
  3 jackals
  11 kobolds
  3 quokkas
  5 bats
  5 frilled lizards
  A jackal zombie (D:5)
  18 rats
175 creatures vanquished.

Notes
Turn   | Place    | Note
-------+----------+-------------------------------------------
     0 | D:1      | Hasart the Kobold Gladiator began the quest for the Orb.
     0 | D:1      | Reached XP level 1. HP: 12/12 MP: 1/1
   155 | D:1      | Reached XP level 2. HP: 17/17 MP: 2/2
   258 | D:1      | Reached skill level 1 in Stealth
   803 | D:2      | Reached XP level 3. HP: 19/22 MP: 3/3
  1014 | D:2      | Found a faded altar of an unknown god.
  1041 | D:2      | Became a worshipper of Trog the Wrathful
  1041 | D:2      | Reached * piety under Trog
  1096 | D:2      | Found a shimmering altar of Xom.
  1099 | D:2      | Found a shimmering altar of Xom.
  1099 | D:2      | Found a shimmering altar of Xom.
  1178 | D:2      | Found a white marble altar of Elyvilon.
  1442 | D:2      | Reached XP level 4. HP: 27/27 MP: 4/4
  1577 | D:3      | Reached skill level 5 in Short Blades
  1619 | D:3      | Noticed Terence
  1624 | D:3      | Killed Terence
  1624 | D:3      | Reached skill level 1 in Armour
  1693 | D:3      | Reached XP level 5. HP: 28/32 MP: 5/5
  1717 | D:3      | Noticed Sigmund
  1732 | D:3      | Killed Sigmund
  1732 | D:3      | Reached skill level 6 in Short Blades
  1732 | D:3      | Reached XP level 6. HP: 19/37 MP: 6/6
  1948 | D:3      | Found a glowing silver altar of Zin.
  2199 | D:4      | Noticed Eustachio
  2235 | D:4      | Killed Eustachio
  2235 | D:4      | Reached XP level 7. HP: 35/41 MP: 7/7
  2334 | D:4      | Reached ** piety under Trog
  2334 | D:4      | Reached skill level 5 in Dodging
  2502 | D:4      | Found a staircase to the Ecumenical Temple.
  2512 | Temple   | Entered the Ecumenical Temple
  2799 | D:4      | Found a glowing drain.
  2805 | Sewer    | Entered a sewer
  2893 | Sewer    | Reached skill level 7 in Short Blades
  2921 | Sewer    | Found a white marble altar of Elyvilon.
  3796 | D:5      | Entered Level 5 of the Dungeon
  3836 | D:5      | Noticed Blork the orc
  3845 | D:5      | Killed Blork the orc
  3848 | D:5      | Reached XP level 8. HP: 48/48 MP: 8/8
  4066 | D:5      | Reached skill level 5 in Stealth
  4160 | D:5      | Reached skill level 8 in Short Blades
  4351 | D:5      | Noticed Grinder
  4352 | D:5      | Reached *** piety under Trog
  4360 | D:5      | Killed Grinder
  4660 | D:6      | Reached skill level 5 in Fighting
  4660 | D:6      | Reached XP level 9. HP: 54/54 MP: 9/9
  4668 | D:6      | Reached skill level 9 in Short Blades
  5052 | D:6      | Reached skill level 1 in Evocations
  5343 | D:6      | Found a sparkling altar of Nemelex Xobeh.
  5830 | D:6      | Noticed Dowan
  5831 | D:6      | Noticed Duvessa
  5843 | D:6      | Killed Duvessa
  5843 | D:6      | Reached skill level 10 in Short Blades
  5847 | D:6      | Killed Dowan
  6359 | D:7      | Reached **** piety under Trog
  6606 | D:7      | Found Aruxics's Gadget Boutique.
  6764 | D:8      | Reached XP level 10. HP: 56/60 MP: 10/12
  7179 | D:8      | Noticed Harold
  7196 | D:8      | Killed Harold
  7196 | D:8      | Reached skill level 11 in Short Blades
  7221 | D:8      | Found a deep blue altar of Sif Muna.
  8024 | D:9      | Impaled on a porcupine's spines

Levels and vault maps discovered:
D:1:      dpeg_arrival_prison, layout_basic, minmay_misc_feat_columns
D:2:      layout_loops_ring, lemuel_coloured_pillars_altar,
          chequers_ecumenical_altar_island, xom_redecorated
D:3:      layout_rooms, zin_statuary, hex_medium, minmay_strange_pillars,
          uniq_sigmund, uniq_terence
D:4:      layout_basic, temple_green, portal_sewer_entry_e, uniq_eustachio
D:5:      layout_rooms, first_ration, uniq_blork_the_orc, uniq_grinder
D:6:      layout_rooms, nicolae_overflow_crystal_walls, serial_co_window_serial,
          co_window_corner_a, co_window_corner_a, co_window_of_opportunity_a,
          co_window_of_opportunity_a, co_window_paths_a, co_window_corner_a,
          co_window_paths_a, co_window_broadway_b, co_window_corner_b,
          co_window_2corner, co_window_paths_c, co_window_unsneaky_path_a,
          co_window_paths_e, glass_columns_c, glass_columns_a, glass_columns_b,
          glass_columns_a, corner_web_ring, serial_park_tiny_pond, uniq_duvessa
D:7:      layout_rooms, serial_shops, shop_statue
D:8:      layout_cave_pods, tgw_sif, uniq_harold
D:9:      layout_roguey, slow_altar_1, gammafunk_temple_overflow_wave,
          dpeg_lair_monsters, serial_shops, nicolae_shop_behind_doors,
          grunt_pizzeria, corexii_corridor_pit
Temple:   regret_index_temple_generic_petals
Sewer:    sewer_kobolds

Skill      XL: |  1  2  3  4  5  6  7  8  9 10 |
---------------+-------------------------------+-----
Stealth        | 1 2 3 4 5 7 8 |  8.6
Dodging        | 4 5 6 7 8 |  8.1
Short Blades   | 5 6 7 8 10 11 | 11.6
Armour         | 1 2 3 4 |  4.8
Fighting       | 3 4 5 6 |  6.8
Evocations     | 2 4 |  4.6
Throwing       | |  2.1

Action                   |  1- 3 |  4- 6 |  7- 9 | 10-12 || total
-------------------------+-------+-------+-------+-------++-------
Melee: Rapier            |   107 |    73 |   493 |   161 ||   834
Invok: Berserk           |       |     3 |    10 |     5 ||    18
       Trog's Hand       |       |       |       |     1 ||     1
  Use: Scroll            |       |       |     1 |       ||     1
 Stab: Sleeping          |     4 |     2 |    12 |       ||    18
  Eat: Chunk             |    10 |     4 |    25 |     9 ||    48
Armor: Leather armour    |    22 |    38 |    88 |     9 ||   157
Dodge: Dodged            |    78 |    69 |   445 |    48 ||   640

Table legend:
 A = Non-vault XP
 B = Vault XP
 C = Vault XP percentage of total XP
 D = Non-vault monster count
 E = Vault monster count
 F = Vault count percentage of total count
                 A         B        C        D         E       F
            +---------+---------+-------+---------+---------+-------
      Total |    4828 |    2440 |  33.6 |     145 |      30 |  17.1
            +---------+---------+-------+---------+---------+-------
        D:1 |      22 |       2 |   8.3 |      11 |       2 |  15.4
        D:2 |      54 |       0 |   0.0 |      15 |       0 |   0.0
        D:3 |      66 |     259 |  79.7 |      12 |       2 |  14.3
        D:4 |     155 |     209 |  57.4 |      11 |       9 |  45.0
        D:5 |     691 |     349 |  33.6 |      25 |       2 |   7.4
        D:6 |    1373 |     222 |  13.9 |      34 |       2 |   5.6
        D:7 |     363 |       0 |   0.0 |      13 |       0 |   0.0
        D:8 |     753 |    1007 |  57.2 |      11 |       1 |   8.3
        D:9 |    1351 |     281 |  17.2 |      13 |       3 |  18.8
      Sewer |       0 |     111 | 100.0 |       0 |       9 | 100.0
            +---------+---------+-------+---------+---------+-------
